 Dungeon Crawl Stone Soup version 0.32-a0-868-g153ae1a8d6 (webtiles) character file.

Game seed: 17086852597684858197

1930 Fodor the Cleaver (level 8, -8/70 HPs)
             Began as a Minotaur Fighter on Mar 28, 2024.
             Blown up by Pikel (21 damage)
             ... with a mindburst bolt
             ... on level 7 of the Dungeon.
             The game lasted 00:11:52 (3954 turns).

Fodor the Cleaver (Minotaur Fighter)                Turns: 3954, Time: 00:11:53

Health: -8/70      AC: 12    Str: 23    XL:     8   Next: 97%
Magic:  7/7        EV:  9    Int:  5    God:
Gold:   361        SH:  0    Dex: 16    Spells: 7/7 levels left

rFire   + . .        s - +0 battleaxe
rCold   . . .        (shield currently unavailable)
rNeg    . . .        a - +1 chain mail {rF+}
rPois   .            (helmet restricted)
rElec   .            w - +0 cloak
rCorr   .            (no gloves)
SInv    .            (no boots)
Will    .....        t - amulet of the acrobat Stlth
                     y - +6 ring of dexterity
HPRegen 0.31/turn    (no ring)
MPRegen 0.10/turn

%: acrobat
@: no status effects
A: horns 2, retaliatory headbutt
a: no special abilities


You were on level 7 of the Dungeon.
You visited 1 branch of the dungeon, and saw 6 of its levels.
You also visited: Sewer.

You collected 361 gold pieces.

Inventory:

Hand Weapons
 s - a +0 battleaxe (weapon)
Armour
 a - a +1 chain mail of fire resistance (worn)
 c - a +0 plate armour
 w - a +0 cloak (worn)
Jewellery
 t - an amulet of the acrobat (around neck)
 y - a +6 ring of dexterity (left hand)
Wands
 b - a wand of polymorph (11)
 u - a wand of flame (25)
 A - a wand of paralysis (8)
Scrolls
 f - 4 scrolls of identify {unknown}
 h - a scroll of enchant armour {unknown}
 j - a scroll of teleportation {unknown}
 n - a scroll of poison {unknown}
 o - a scroll of blinking {unknown}
 q - a scroll of amnesia {unknown}
 z - a scroll of torment {unknown}
 B - a scroll of fear {unknown}
 C - 2 scrolls of vulnerability {unknown}
Potions
 d - 2 potions of might
 e - a potion of brilliance {unknown}
 g - 2 potions of curing {unknown}
 i - 2 potions of lignification {unknown}
 k - a potion of mutation {unknown}
 l - 4 potions of enlightenment {unknown}
 m - a potion of magic {unknown}
 p - 3 potions of berserk rage
 r - 2 potions of degeneration {unknown}
 v - a potion of attraction {unknown}
 x - a potion of haste {unknown}


   Skills:
 + Level 6.0 Fighting
 + Level 10.1 Axes
 + Level 7.2 Armour
 + Level 2.9 Dodging
 + Level 0.3 Stealth
 + Level 5.8 Shields


You had 7 spell levels left.
You didn't know any spells.
Your spell library contained the following spells:

 Spells                   Type           Power      Damage    Failure   Level
 Apportation              Tloc           0%         N/A       95%         1
 Necrotise                Necr           0%         1d4       95%         1
 Sting                    Conj/Alch      0%         1d3       95%         1
 Summon Small Mammal      Summ           0%         N/A       95%         1


Dungeon Overview and Level Annotations

Branches:
Dungeon (7/15)              Sewer (visited)
 Temple: D:4-7

Altars:
Cheibriados
Okawaru
Sif Muna
Wu Jian
Xom

Shops:
D:6 (

Annotations:
D:7 Pikel


Innate Abilities, Weirdness & Mutations

You have a pair of horns on your head.
You reflexively headbutt those who attack you in melee.


Message History

* * * LOW HITPOINT WARNING * * *
The lemure barely misses you. The lemure hits you but does no damage.
The lemure misses you. The lemure attacks as it pursues you!
The lemure closely misses you.
Unknown command.
The lemure attacks as it pursues you! The lemure hits you but does no damage.
You closely miss the lemure. You hit the lemure. The lemure hits you.
* * * LOW HITPOINT WARNING * * *
The lemure closely misses you. The lemure hits you but does no damage.
You slash the lemure!
The lemure is heavily wounded.
You slash the lemure!
You kill the lemure!
That felt strangely unrewarding.
The lemure hits you.
* * * LOW HITPOINT WARNING * * *
You slash the lemure! You headbutt the lemure.
You kill the lemure!
That felt strangely unrewarding.
Pikel zaps a wand.
Your mind is blasted!
* * * LOW HITPOINT WARNING * * *
Pikel hits you but does no damage.
You closely miss Pikel. Your headbutt misses Pikel.
Pikel is moderately wounded.
Pikel hits you with a +1 whip of flaming.
* * * LOW HITPOINT WARNING * * *
Pikel barely misses you.
You closely miss Pikel.
Pikel is moderately wounded.
You closely miss the lemure. The lemure barely misses you.
Pikel zaps a wand.
You struggle to resist.
The lemure hits you but does no damage.
You barely miss Pikel. Your headbutt misses Pikel.
Pikel is moderately wounded.
You hit the lemure but do no damage.
Pikel hits you with a +1 whip of flaming.
* * * LOW HITPOINT WARNING * * *
The lemure misses you. You furiously retaliate!
You headbutt the lemure! You closely miss Pikel.
Pikel is moderately wounded.
You hit the lemure but do no damage.
Pikel zaps a wand.
Your mind is blasted!
You die...
Pikel says, "See you in Hell!"

####### #.....# #
#<....######## ##
########............#######
####..........................
+##.####.#.5...#############.
##.######..##@### #.
##..######.##K# #.
##...###.#.##5# ####### #.
##.#..#..#..#.# #.....# #.
##.#....###...# #.###.# #.
##...#..####..# #.# #.# #.
##..###..##...# #.# #.# ##
#####..###.## #.# #.# #
###.##..##..#####.# #.# #


You could see Pikel and 2 lemures.

Vanquished Creatures
  Jeremiah (D:6)
  Duvessa (D:7)
  A water moccasin (D:6)
  Pargi (Sewer)
  2 sky beasts
  An ice beast (D:7)
  2 lemures (D:7)
  2 phantoms
  A brain worm (Sewer)
  A scorpion (D:6)
  Dowan (D:7)
  4 killer bees (D:7)
  A howler monkey (D:6)
  A bombardier beetle (D:7)
  3 hounds
  Crazy Yiuf (D:5)
  2 orc priests (D:7)
  A sleepcap (D:5)
  2 iguanas (D:6)
  Natasha (D:3)
  Terence (D:3)
  10 adders
  A shadow imp (D:7)
  4 white imps
  A ribbon worm (D:2)
  2 dart slugs (D:2)
  10 orcs
  9 endoplasms
  4 giant cockroaches
  5 goblins
  6 hobgoblins
  6 jackals
  2 kobolds
  2 quokkas
  3 ball pythons
  9 bats
  A frilled lizard (D:3)
  8 rats
114 creatures vanquished.

Notes
Turn   | Place    | Note
-------+----------+-------------------------------------------
     0 | D:1      | Fodor the Minotaur Fighter began the quest for the Orb.
     0 | D:1      | Reached XP level 1. HP: 19/19 MP: 0/0
   360 | D:1      | Reached XP level 2. HP: 22/27 MP: 1/1
   542 | D:1      | Reached skill level 3 in Axes
   550 | D:1      | Reached XP level 3. HP: 33/33 MP: 2/2
   860 | D:2      | Reached skill level 4 in Axes
   860 | D:2      | Reached XP level 4. HP: 40/40 MP: 3/3
  1160 | D:2      | Identified the +2 rapier "Teithutt" {freeze, Str-4 Int+4
                  | Stlth+}
  1444 | D:2      | Identified the +2 leather armour of the Mantidfly {Slay+6}
  1541 | D:3      | Noticed Terence
  1546 | D:3      | Killed Terence
  1557 | D:3      | Reached skill level 5 in Axes
  1557 | D:3      | Reached XP level 5. HP: 46/47 MP: 4/4
  1667 | D:3      | Noticed Natasha
  1670 | D:3      | Killed Natasha
  1745 | D:3      | You fall into a shaft and drop 2 floors!
  1745 | D:5      | Entered Level 5 of the Dungeon
  1914 | D:5      | Found a glowing drain.
  1923 | Sewer    | Entered a sewer
  1955 | Sewer    | Reached skill level 5 in Armour
  1955 | Sewer    | Reached XP level 6. HP: 33/53 MP: 2/5
  2025 | Sewer    | Noticed Pargi
  2045 | Sewer    | Killed Pargi
  2172 | D:5      | Reached skill level 6 in Axes
  2172 | D:5      | Reached skill level 5 in Shields
  2202 | D:5      | Found an iron altar of Okawaru.
  2345 | D:5      | Found a runed translucent door.
  2351 | D:5      | Noticed Crazy Yiuf
  2357 | D:5      | Killed Crazy Yiuf
  2358 | D:5      | Reached XP level 7. HP: 53/60 MP: 6/6
  2810 | D:6      | Found Reeno's Antique Weapon Boutique.
  2935 | D:6      | Reached skill level 7 in Axes
  2935 | D:6      | Reached skill level 1 in Dodging
  2946 | D:6      | Found a shimmering blue altar of Sif Muna.
  2947 | D:6      | Found an ornate altar of the Wu Jian Council.
  2949 | D:6      | Found a shimmering altar of Xom.
  3040 | D:6      | Found a snail-covered altar of Cheibriados.
  3272 | D:6      | Reached XP level 8. HP: 66/67 MP: 7/7
  3365 | D:6      | Noticed Jeremiah
  3375 | D:6      | Killed Jeremiah
  3376 | D:6      | Reached skill level 5 in Fighting
  3376 | D:6      | Reached skill level 8 in Axes
  3517 | D:7      | Reached skill level 9 in Axes
  3617 | D:7      | Noticed Dowan
  3617 | D:7      | Noticed Duvessa
  3629 | D:7      | Killed Dowan
  3635 | D:7      | Killed Duvessa
  3636 | D:7      | Reached skill level 10 in Axes
  3874 | D:7      | Found the +4 skin of Zhor {*Englaciate rC+++ SInv}
  3913 | D:7      | Noticed a rime drake
  3930 | D:7      | Noticed Pikel
  3954 | D:7      | Blown up by Pikel

Illustrated notes

Levels and vault maps discovered:
D:1:      dpeg_arrival_ternary, layout_basic
D:2:      layout_loops_ring
D:3:      layout_basic, uniq_terence, uniq_natasha
D:5:      layout_rooms, okawaru_metal_pillars_1_2, portal_sewer_entry_d,
          minmay_liquid_box, uniq_crazy_yiuf_cottage
D:6:      layout_basic, grunt_temple_overflow_open, serial_shops,
          nicolae_shop_waterfront, uniq_jeremiah
D:7:      layout_loops_ring, lightli_temple_of_fire,
          hellmonk_guarded_unrand_zhor, uniq_duvessa, uniq_pikel, uniq_menkaure

Skill      XL: |  1  2  3  4  5  6  7  8 |
---------------+-------------------------+-----
Armour         | 4 5 6 7 |  7.2
Fighting       | 4 6 |  6.0
Shields        | 4 5 |  5.8
Axes           | 3 4 5 6 7 10 | 10.1
Dodging        | 2 |  2.9
Stealth        | |  0.3

Action                     |  1- 3 |  4- 6 |  7- 9 || total
---------------------------+-------+-------+-------++-------
  Melee: War axe           |    49 |   104 |       ||   153
         Headbutt          |     9 |    19 |    13 ||    41
         Battleaxe         |       |    24 |   113 ||   137
 Armour: Scale mail        |    38 |    29 |       ||    67
         Chain mail        |       |    89 |   110 ||   199
  Dodge: Dodged            |    23 |    50 |    70 ||   143
  Block: Buckler           |    10 |    17 |       ||    27
         Tower shield      |       |    42 |       ||    42

Table legend: (Time is in decaauts)
 A = Elapsed time spent in this place.
 B = Non-inter-level travel time spent in this place.
 C = Inter-level travel time spent in this place.
 D = Time resting spent in this place.
 E = Time spent auto-exploring this place.
 F = Levels seen in this place.
 G = Mean time per level.
                   A        B        C        D        E       F      G
               +--------+--------+--------+--------+--------+-----+--------+
         Total |   4041 |   3994 |     47 |     73 |   2624 |   7 |  577.3 |
       Dungeon |   3838 |   3791 |     47 |     73 |   2523 |   6 |  639.7 |
         Sewer |    203 |    203 |      0 |      0 |    101 |   1 |  203.0 |
               +--------+--------+--------+--------+--------+-----+--------+

Top non-repeatable levels by time:
     D:6: 932 daAuts
     D:1: 773 daAuts
     D:2: 759 daAuts
     D:5: 590 daAuts
     D:7: 534 daAuts
     D:3: 248 daAuts
   Sewer: 203 daAuts
